 Dungeon Crawl Stone Soup version 0.32-a0-135-g14f8b2e1af (webtiles) character file.

Game seed: 2866431040114698954

23 iamserjio the Insei (level 2, -1/24 HPs)
             Began as a Demigod Warper on Feb 10, 2024.
             Slain by a frilled lizard (2 damage)
             ... on level 1 of the Dungeon.
             The game lasted 00:01:43 (268 turns).

iamserjio the Insei (Demigod Warper)                 Turns: 268, Time: 00:01:44

Health: -1/24      AC:  3    Str: 12    XL:     2   Next: 57%
Magic:  7/7        EV: 11    Int: 15    God:
Gold:   32         SH:  0    Dex: 13    Spells: 4/4 levels left

rFire   . .          .
                       - Unarmed
rCold   . . .        (no shield)
rNeg    . . .        a - +0 leather armour
rPois   .            (no helmet)
rElec   .            d - scarf {repulsion}
rCorr   .            (no gloves)
SInv    .            (no boots)
Will    .....        (no amulet)
Stlth   +            (no ring)
HPRegen 0.24/turn    (no ring)
MPRegen 0.10/turn

%: repel missiles
@: no status effects
A: high MP 1, forlorn, divine attributes
a: no special abilities


You were on level 1 of the Dungeon.
You visited 1 branch of the dungeon, and saw 3 of its levels.

You collected 32 gold pieces.

Inventory:

Missiles
 c - 7 darts of dispersal (quivered)
Armour
 a - a +0 leather armour (worn)
 d - a scarf of repulsion (worn)
Talismans
 e - a blade talisman
Scrolls
 b - a scroll of blinking {@r4}
 f - a scroll of identify {unknown}
Potions
 g - a potion of mutation {unknown}
 h - a potion of attraction {unknown}


   Skills:
 - Level 2.0 Fighting
 - Level 0.8 Throwing
 - Level 0.8 Armour
 - Level 1.7 Dodging
 + Level 2.9 Unarmed Combat
 - Level 1.7 Spellcasting
 - Level 2.6 Translocations


You had 4 spell levels left.
You didn't know any spells.
Your spell library contained the following spells:

 Spells                   Type           Power      Damage    Failure   Level
 Blink                    Tloc           18%        N/A       14%         2
 Lesser Beckoning         Tloc           18%        N/A       14%         2
 Teleport Other           Tloc           9%         N/A       28%         3
 Manifold Assault         Tloc           9%         N/A       67%         4
 Vhi's Electric Charge    Tloc/Air       10%        N/A       86%         4


Dungeon Overview and Level Annotations

Branches:
Dungeon (3/15) Zot: 17734


Innate Abilities, Weirdness & Mutations

You have an increased reservoir of magic. (+10% MP)
You shall have no god before yourself.
Your divine heritage dramatically boosts your attributes as you level up.


Message History

You are too injured to fight recklessly!
You are too injured to fight recklessly!
You are too injured to fight recklessly!
You are too injured to fight recklessly!
You are too injured to fight recklessly!
You are too injured to fight recklessly!
You hit the quokka but do no damage.
The quokka bites you but does no damage.
You closely miss the quokka.
The frilled lizard bites you but does no damage.
The quokka bites you.
* * * LOW HITPOINT WARNING * * *
You hit the quokka. The frilled lizard bites you.
* * * LOW HITPOINT WARNING * * *
The quokka bites you.
* * * LOW HITPOINT WARNING * * *
You closely miss the quokka. The quokka bites you.
* * * LOW HITPOINT WARNING * * *
The frilled lizard barely misses you.
You barely miss the quokka. The quokka barely misses you.
The frilled lizard bites you but does no damage.
The quokka closely misses you.
You barely miss the quokka.
The frilled lizard bites you but does no damage.
The quokka bites you but does no damage.
You hit the quokka.
The frilled lizard bites you but does no damage.
The quokka barely misses you.
You closely miss the quokka. The frilled lizard bites you.
* * * LOW HITPOINT WARNING * * *
The quokka bites you.
* * * LOW HITPOINT WARNING * * *
You miss the quokka. The quokka barely misses you.
The frilled lizard bites you.
* * * LOW HITPOINT WARNING * * *
You hit the quokka.
You kill the quokka!
The frilled lizard closely misses you.
You barely miss the frilled lizard. The frilled lizard bites you.
You die...

######.
#.#####..!....
#...>...###..
#.###@l.....#
......†.#####..#
######### .


You could see a frilled lizard.

Vanquished Creatures
  An adder (D:2)
  A ribbon worm (D:2)
  3 jackals (D:2)
  A quokka (D:1)
  4 goblins
  A rat (D:1)
11 creatures vanquished.

Notes
Turn   | Place    | Note
-------+----------+-------------------------------------------
     0 | D:1      | iamserjio the Demigod Warper began the quest for the Orb.
     0 | D:1      | Reached XP level 1. HP: 17/17 MP: 5/5
     8 | D:1      | You fall into a shaft and drop 1 floor!
    90 | D:2      | Reached XP level 2. HP: 16/24 MP: 7/7
   266 | D:1      | HP: 1/24 [frilled lizard (2)]
   268 | D:1      | Slain by a frilled lizard

Illustrated notes

Levels and vault maps discovered:
D:1:      matt_arrival_los_fun, layout_loops_ring,
          shapermc_ecumenical_altar_hornbeckon, chequers_arboretum,
          minmay_tromino_v4_c
D:2:      wad_lake_hut, layout_loops_ring
D:3:      cheibrodos_greedy_goblins, layout_loops_corners,
          mainiacjoe_overflow_six_doors_small, uniq_terence

Skill      XL: |  1 |
---------------+----+-----
Fighting       | 2 |  2.0
Unarmed Combat | 2 |  2.9
Throwing       | |  0.8
Armour         | |  0.8
Dodging        | |  1.7
Spellcasting   | |  1.7
Translocations | |  2.6

Action                     || total
---------------------------++-------
  Melee: Unarmed           ||    87
 Armour: Leather armour    ||    58
  Dodge: Dodged            ||    56

Table legend: (Time is in decaauts)
 A = Elapsed time spent in this place.
 B = Non-inter-level travel time spent in this place.
 C = Inter-level travel time spent in this place.
 D = Time resting spent in this place.
 E = Time spent auto-exploring this place.
 F = Levels seen in this place.
 G = Mean time per level.
                   A        B        C        D        E       F      G
               +--------+--------+--------+--------+--------+-----+--------+
         Total |    264 |    264 |      0 |      0 |      8 |   3 |   88.0 |
       Dungeon |    264 |    264 |      0 |      0 |      8 |   3 |   88.0 |
               +--------+--------+--------+--------+--------+-----+--------+

Top non-repeatable levels by time:
     D:2: 198 daAuts
     D:3: 33 daAuts
     D:1: 32 daAuts
